 Dungeon Crawl Stone Soup version 0.26.0-41-g79a4fc7684 (webtiles) character file.

Game seed: 16155841790973777797

1653 Mattiprrivan the Sneak (level 9, -8/52 HPs)
             Began as a Kobold Berserker on Jan 26, 2021.
             Was a Priest of Trog.
             Mangled by a guardian serpent (shapeshifter) (20 damage)
             ... on level 5 of the Dungeon.
             The game lasted 00:47:32 (5867 turns).

Mattiprrivan the Sneak (Kobold Berserker)           Turns: 5867, Time: 00:47:36

Health: -8/52      AC:  5    Str: 14    XL:     9   Next: 19%
Magic:  0/9        EV: 17    Int:  9    God:    Trog [***...]
Gold:   334        SH:  0    Dex: 15    Spells: 8/8 levels left

rFire    . . .     SeeInvis .   l - +4 quarterstaff (chaos)
rCold    . . .     Faith    .   (shield currently unavailable)
rNeg     . . .     Spirit   +   b - +0 animal skin
rPois    .         Reflect  .   h - +1 hat
rElec    .         Harm     .   e - +1 cloak (curse)
rCorr    .         Rampage  .   (no gloves)
Will     .....     Clarity  +   (no boots)
Stlth    +++++.....             n - amulet of guardian spirit
HPRegen  0.17/turn              (no ring)
MPRegen  0.11/turn              (no ring)

@: about to teleport, berserk cooldown, very slightly contaminated, slowed, very
slow
A: small, blink, clarity, deterioration 1, nightstalker 3, weak 1
a: Blink, Renounce Religion, Berserk, Trog's Hand


You were on level 5 of the Dungeon.
You worshipped Trog.
Trog was most pleased with you.
You visited 1 branch of the dungeon, and saw 5 of its levels.
You also visited: Sewer.

You collected 334 gold pieces.

Inventory:

Hand Weapons
 a - a +1 short sword
 l - a +4 quarterstaff of chaos (weapon)
Missiles
 c - 10 poisoned darts (quivered)
Armour
 b - a +0 animal skin (worn)
 e - a cursed +1 cloak (worn)
 f - a +0 helmet
 h - a +1 hat (worn)
Jewellery
 n - an amulet of guardian spirit (around neck)
Wands
 g - a wand of acid (1)
Scrolls
 d - 4 scrolls of remove curse
 i - a scroll of fog
 k - 3 scrolls of teleportation
Potions
 j - 2 potions of invisibility
 o - 3 potions of curing


   Skills:
 * Level 4.4 Fighting
 * Level 5.6 Short Blades
 * Level 1.5(3.7) Maces & Flails
 * Level 1.3(3.3) Polearms
 * Level 5.3(5.6) Staves
 * Level 3.1 Throwing
 * Level 2.6 Armour
 * Level 4.1 Dodging
 * Level 7.3 Stealth
 * Level 2.5 Evocations


You had 8 spell levels left.
You didn't know any spells.
Your spell library was empty.

Dungeon Overview and Level Annotations

Branches:
Dungeon (5/15)             Temple (0/1) D:5           Sewer (visited)

Altars:

Shops:
D:4 =


Innate Abilities, Weirdness & Mutations

You are small and have problems with some larger weapons.
You are completely attuned to the shadows.
You can translocate small distances at will.
You possess an exceptional clarity of mind.
Your body sometimes deteriorates upon taking damage.
You are weak. (Str -2)


Message History

The orc shouts!
The adder hisses angrily.
The iguana hisses angrily. x2
The guardian serpent hits you!
* * * LOW HITPOINT WARNING * * *
You are too berserk!
The orc shouts!
The iguana hisses angrily.
You feel a strong urge to attack something.
The adder hisses angrily.
You flicker back into view.
The orc shouts!
Found a stone staircase leading up.
You feel your anger nearly subside.
You are no longer berserk.
You are exhausted.
You feel yourself slow down.
As you read the scroll of teleportation, it crumbles to dust.
You feel strangely unstable.
The guardian serpent closely misses you.
The adder bites you but does no damage.
A scorpion comes into view.
The adder misses you. The guardian serpent hits you!!
You die...

#. ###### ...
######)...##.#
....).).).)..#
######.....##########
##...g###.S@....
###.l..#.S...<. #####
#.##go....... ..†.##
..>###........ ......
.## ##s...... .##..#
...... ...#.# ....
.#...## .##...### ..


You could see a guardian serpent shaped shifter, a scorpion, a gnoll, an adder
and an orc.

Vanquished Creatures
  Pikel (D:5)
  Grinder (D:4)
  An ogre (D:5)
  2 phantoms (D:4)
  A centaur (D:5)
  2 bullfrogs (Sewer)
  A jelly (D:5)
  3 hounds (D:4)
  Crazy Yiuf (D:3)
  A bullfrog skeleton (D:4)
  5 worker ants
  A hound skeleton (D:5)
  8 gnolls
  5 adders
  A river rat (D:5)
  An ufetubus (D:5)
  An ooze (D:3)
  An adder zombie (D:5)
  An adder skeleton (D:5)
  A dart slug (D:3)
  A worm (D:2)
  5 leopard geckos
  2 orcs
  4 ball pythons
  13 giant cockroaches
  4 goblins
  8 hobgoblins
  8 jackals (D:1)
  2 kobolds
  4 quokkas
  4 bats (D:2)
  6 frilled lizards
  8 rats
108 creatures vanquished.

Vanquished Creatures (others)
  A fungus (D:5)
  5 toadstools (D:5)
6 creatures vanquished.

Grand Total: 114 creatures vanquished

Notes
Turn   | Place    | Note
-------+----------+-------------------------------------------
     0 | D:1      | Mattiprrivan the Kobold Berserker began the quest for the
                  | Orb.
     0 | D:1      | Reached XP level 1. HP: 14/14 MP: 1/1
     3 | D:1      | Gained mutation: You can translocate small distances at
                  | will. [potion of mutation]
     3 | D:1      | Gained mutation: You are weak. (Str -2) [potion of
                  | mutation]
     3 | D:1      | Gained mutation: Your body sometimes deteriorates upon
                  | taking damage. [potion of mutation]
     3 | D:1      | Gained mutation: You possess an exceptional clarity of
                  | mind. [potion of mutation]
   159 | D:1      | Reached XP level 2. HP: 16/19 MP: 2/2
   553 | D:1      | Reached skill level 1 in Stealth
   915 | D:1      | Reached XP level 3. HP: 24/24 MP: 3/3
  1439 | D:2      | Reached skill level 1 in Throwing
  1439 | D:2      | Reached XP level 4. HP: 26/29 MP: 4/4
  1891 | D:2      | Reached skill level 2 in Stealth
  2397 | D:2      | Reached ** piety under Trog
  2398 | D:2      | Reached XP level 5. HP: 11/33 MP: 5/5
  3212 | D:3      | Found a runed translucent door.
  3215 | D:3      | Noticed Crazy Yiuf
  3219 | D:3      | Killed Crazy Yiuf
  3954 | D:4      | Reached skill level 3 in Stealth
  3966 | D:4      | Reached skill level 1 in Staves
  3966 | D:4      | Reached XP level 6. HP: 38/38 MP: 6/6
  3969 | D:4      | Noticed a phantom
  3982 | D:4      | Killed a phantom
  3983 | D:4      | Reached skill level 4 in Stealth
  4387 | D:4      | Noticed Grinder
  4390 | D:4      | Killed Grinder
  4391 | D:4      | Reached skill level 5 in Stealth
  4391 | D:4      | Reached XP level 7. HP: 43/43 MP: 7/7
  4482 | D:4      | Found Qiwoib's Jewellery Shoppe.
  4642 | D:4      | Reached skill level 5 in Short Blades
  4812 | D:4      | Reached XP level 8. HP: 45/48 MP: 8/8
  4888 | D:5      | Entered Level 5 of the Dungeon
  4898 | D:5      | Reached skill level 6 in Stealth
  4908 | D:5      | Found a staircase to the Ecumenical Temple.
  4958 | D:5      | Found a glowing drain.
  4970 | Sewer    | Entered a sewer
  4986 | Sewer    | Reached skill level 1 in Evocations
  5594 | D:5      | Reached skill level 1 in Maces & Flails
  5676 | D:5      | Noticed Pikel
  5679 | D:5      | Killed Pikel
  5679 | D:5      | Reached *** piety under Trog
  5680 | D:5      | Reached skill level 1 in Polearms
  5680 | D:5      | Reached skill level 5 in Staves
  5680 | D:5      | Reached skill level 7 in Stealth
  5680 | D:5      | Reached XP level 9. HP: 35/52 MP: 9/9
  5852 | D:5      | Noticed a guardian serpent
  5852 | D:5      | a shapeshifter changed into a guardian serpent
  5867 | D:5      | Mangled by a guardian serpent (shapeshifter)

Illustrated notes

Levels and vault maps discovered:
D:1:      psy_arrival_radial01, layout_rooms
D:2:      layout_loops_ring
D:3:      layout_basic, guppyfry_early_lair_pool, uniq_crazy_yiuf_cottage
D:4:      layout_basic, serial_shops, shop, kennysheep_diamond, uniq_grinder
D:5:      layout_rooms, minmay_temple_entry_overgrown, portal_sewer_entry_e,
          minmay_gold_behind_fungi, uniq_pikel

Skill      XL: |  1  2  3  4  5  6  7  8 |
---------------+-------------------------+-----
Stealth        | 1 2 3 5 7 |  7.3
Throwing       | 1 2 3 |  3.1
Dodging        | 3 4 |  4.1
Armour         | 2 |  2.6
Fighting       | 4 |  4.4
Staves         | 1 3 4 5 |  5.3
Short Blades   | 5 |  5.6
Evocations     | 2 |  2.5
Maces & Flails | 1 |  1.5
Polearms       | 1 |  1.3

Action                   |  1- 3 |  4- 6 |  7- 9 || total
-------------------------+-------+-------+-------++-------
Melee: Short sword       |   115 |    36 |       ||   151
       Quarterstaff      |       |    24 |   132 ||   156
Throw: Dart              |    31 |    22 |    12 ||    65
Invok: Berserk           |     3 |       |     1 ||     4
Evoke: Wand              |       |     5 |     3 ||     8
  Use: Potion            |     2 |       |     3 ||     5
       Scroll            |     3 |    10 |     3 ||    16
 Stab: Sleeping          |     4 |    10 |    15 ||    29
       Distracted        |       |       |     2 ||     2
       Paralysed         |       |       |     1 ||     1
       Invisible         |       |       |     3 ||     3
Armor: Animal skin       |     9 |     4 |    20 ||    33
Dodge: Dodged            |    83 |    43 |   104 ||   230
